 Dungeon Crawl Stone Soup version 0.23-a0-577-g2b1de94 (webtiles) character file.

89817 gruber the Unseen (level 16, -7/101 HPs)
             Began as a Kobold Artificer on Dec 14, 2018.
             Was the Champion of Nemelex Xobeh.
             Mangled by a harpy (15 damage)
             ... on level 1 of the Shoals.
             The game lasted 01:34:05 (33985 turns).

gruber the Unseen (Kobold Artificer)               Turns: 33985, Time: 01:34:06

Health: -7/101     AC: 21    Str: 11    XL:     16   Next: 45%
Magic:  0/26       EV: 31    Int: 13    God:    Nemelex Xobeh [******]
Gold:   2008       SH:  9    Dex: 31    Spells: 19/29 levels left

rFire    . . .     SeeInvis .   A - +12 hand axe "Anyicu" {protect, rC+ MR+ Int-2}
rCold    + . .     Gourm    +   V - +0 buckler
rNeg     + . .     Faith    .   F - +1 leather armour of the Eleven Blessings {rN+ Dex+4}
rPois    .         Spirit   +   Z - +2 helmet {Int+3}
rElec    .         Reflect  .   m - scarf {Spirit}
rCorr    .         Harm     .   t - +3 pair of gauntlets of War {Slay+5}
MR       +++..                  D - +1 pair of boots
Stlth    +++++++...             M - amulet "Vuneunun" {Gourm Dex+6}
HPRegen  0.26/turn              l - ring of protection from magic
MPRegen  0.20/turn              T - ring of flight

@: protection aura, flying
A: small, carnivore
a: Triple Draw, Deal Four, Stack Five, Renounce Religion, Stop Flying


You were on level 1 of the Shoals.
You worshipped Nemelex Xobeh.
Nemelex Xobeh was exalted by your worship.
You were very full.

You visited 4 branches of the dungeon, and saw 24 of its levels.
You also visited: Bailey.

You collected 2534 gold pieces.
You spent 526 gold pieces at shops.

Inventory:

Hand Weapons
 A - the +12 hand axe "Anyicu" (weapon) {protect, rC+ MR+ Int-2}
   (You found it on level 5 of the Dungeon)

   It protects the one who uses it against injury (+AC on strike).
   It affects your intelligence (-2).
   It protects you from cold.
   It affects your resistance to hostile enchantments.
 C - a +0 blowgun
 R - a +2 dagger of freezing
 U - the +8 scimitar "Hell-Harrower" {slice, Str-2 Int+4 Dex+5}
   (You found it on level 11 of the Dungeon)

   It inflicts extra damage upon your enemies.
   It affects your strength (-2).
   It affects your intelligence (+4).
   It affects your dexterity (+5).
Missiles
 r - 3 throwing nets (quivered)
 v - 19 poisoned needles
 z - 17 curare-tipped needles
Armour
 m - a scarf of spirit shield (worn)
 t - the +3 pair of gauntlets of War (worn) {Slay+5}
   (You found it in a bailey)

   It affects your accuracy and damage with ranged weapons and melee attacks
   (+5).
 D - a +1 pair of boots (worn)
 F - the +1 leather armour of the Eleven Blessings (worn) {rN+ Dex+4}
   (You found it on level 9 of the Dungeon)

   It affects your dexterity (+4).
   It protects you from negative energy.
 V - a +0 buckler (worn)
 Z - a +2 helmet of intelligence (worn)
Jewellery
 i - an uncursed ring of protection from fire
 l - a ring of protection from magic (left hand)
 M - the amulet "Vuneunun" (around neck) {Gourm Dex+6}
   (You found it on level 8 of the Dungeon)

   [amulet of the gourmand]

   It allows you to eat raw meat even when not hungry.
   It affects your dexterity (+6).
 N - an uncursed ring of protection from cold
 T - a ring of flight (right hand)
Wands
 d - a wand of enslavement (32)
 p - a wand of digging (8)
 s - a wand of disintegration (8)
 G - a wand of flame (53)
 J - a wand of polymorph (11)
 O - a wand of scattershot (6)
 Q - a wand of acid (4)
Scrolls
 b - 4 scrolls of blinking
 g - 13 scrolls of identify
 j - 5 scrolls of enchant armour
 n - 7 scrolls of remove curse
 B - 3 scrolls of enchant weapon
 H - 6 scrolls of magic mapping
 L - 3 scrolls of fog
 S - 10 scrolls of teleportation
 W - a scroll of fear
Potions
 c - 2 potions of might
 w - a potion of agility
 E - 2 potions of resistance
 K - a potion of cancellation
Miscellaneous
 a - a legendary deck of escape {drawn: 2}
 e - a legendary deck of destruction
 f - a plain deck of summoning {drawn: 6}
 k - an ornate deck of summoning {drawn: 1}
 o - an ornate deck of destruction
 u - a phial of floods
 x - a phantom mirror
 y - a plain deck of escape {drawn: 1}
 I - a plain deck of summoning {drawn: 8}
 P - an ornate deck of destruction
 X - an ornate deck of escape
 Y - a plain deck of destruction {drawn: 7}
Comestibles
 q - 14 rations


   Skills:
 * Level 12.2 Fighting
 - Level 8.2 Short Blades
 - Level 5.3 Axes
 - Level 7.0 Armour
 - Level 14.0 Dodging
 - Level 15.2 Stealth
 - Level 5.6 Shields
 - Level 7.0 Spellcasting
 - Level 6.0 Invocations
 - Level 14.0 Evocations


You had 19 spell levels left.
You knew the following spells:

 Your Spells              Type           Power        Failure   Level  Hunger
a - Ensorcelled Hibernat  Hex/Ice        #.....       28%         2    #......
b - Confuse               Hex            #.......     50%         3    ##.....
c - Dazzling Spray        Conj/Hex       #.....       50%         3    ##.....
d - Blink                 Tloc           N/A          28%         2    #......

Your spell library contained the following spells:

 Spells                   Type           Power        Failure   Level  Hunger
 Corona                   Hex            #......      19%         1    None
 Magic Dart               Conj           #...         19%         1    None
 Summon Small Mammal      Summ           #...         19%         1    None
 Call Imp                 Summ           #.......     28%         2    #......
 Slow                     Hex            #.......     28%         2    #......
 Call Canine Familiar     Summ           #.......     50%         3    ##.....
 Conjure Flame            Conj/Fire      #.......     50%         3    ##.....
 Mephitic Cloud           Conj/Pois/Air  #.......     50%         3    ##.....
 Ozocubu's Armour         Chrm/Ice       #.......     50%         3    ##.....
 Portal Projectile        Hex/Tloc       #.....       50%         3    ##.....
 Summon Guardian Golem    Hex/Summ       #.......     50%         3    ##.....
 Tukima's Dance           Hex            #.......     50%         3    ##.....
 Summon Ice Beast         Ice/Summ       #.......     88%         4    ####...
 Summon Lightning Spire   Summ/Air       #.......     88%         4    ####...
 Darkness                 Hex            #.........   100%        6    #######
 Invisibility             Hex            #.......     100%        6    #######


Dungeon Overview and Level Annotations

Branches:
Dungeon (15/15)            Temple (0/1) D:7            Lair (6/6) D:9
 Shoals (1/4) Lair:2       Spider (0/4) Lair:2          Orc (2/2) D:11
    Elf (0/3) Orc:2        Vaults (0/5) D:13         Depths (0/5) D:15
  Slime: Lair:5-6

Altars:
Cheibriados
Dithmenos
Gozag
Nemelex Xobeh
Trog
The Shining One
Beogh

Shops:
D:9 :   D:12 [   Orc:2 :*%(%   Shoals:1 ?

Annotations:
D:4 1 runed door
D:8 Harold
D:14 3 runed doors, TheNamelessOne's ghost, adept OpMo
Lair:2 exclusion: oklob plant
Lair:5 3 runed doors, Jeis's ghost, journeyman CeWr
Lair:6 exclusion: oklob plant
Orc:2 3 runed doors, RoseArtemis's ghost, journeyman TrMo


Innate Abilities, Weirdness & Mutations

You are small and have problems with some larger weapons.
You are carnivorous and can eat meat at any time.


Message History

Unknown command.
Unknown command.
You slash the merfolk siren!
The merfolk siren is severely wounded.
You closely miss the water nymph. You block the harpy's attack. x2
The water nymph completely misses you.
The merfolk siren chants its luring song.
You slash the merfolk siren!
The merfolk siren is almost dead.
You barely miss the water nymph. The harpy claws you!
* * * LOW HITPOINT WARNING * * *
The harpy misses you. The water nymph completely misses you.
The merfolk siren hits you with a +0 spear.
* * * LOW HITPOINT WARNING * * *
You slice the merfolk siren!!
You break out of your daze!
You kill the merfolk siren!
You closely miss the water nymph. You slash the harpy! The harpy claws you!
You die...
Your body glows with a rainbow of weird colours and disappears.

.......≈..≈≈≈≈≈≈≈≈≈≈≈≈≈
......≈≈≈≈≈≈≈≈≈≈≈≈≈≈≈≈≈.
....###...≈≈≈≈≈≈≈≈≈≈≈≈..
....# #...≈≈≈≈≈≈≈≈≈≈≈≈≈.
..#####≈≈≈.....≈≈≈≈≈≈≈≈.
..####.≈≈≈......≈≈≈.≈≈≈≈
...##..≈≈≈.....†≈≈≈≈≈≈≈≈
#.....≈≈≈...###.m.≈≈≈≈≈≈
#.≈..≈≈≈≈...# ##@.≈≈≈≈≈≈
..≈≈≈≈≈≈≈≈≈..##.H)..≈≈≈≈
≈≈≈≈≈≈≈≈≈≈≈......#..≈≈≈≈
≈≈≈≈≈≈≈≈≈≈≈........≈≈≈≈≈
≈≈≈≈≈≈≈≈≈≈≈....... ≈≈≈≈≈
≈≈≈≈≈≈≈≈≈≈≈≈≈..##.≈≈≈≈≈≈
≈≈≈≈≈≈≈≈≈≈..≈.# .≈ ≈≈≈≈
..... ..≈≈≈≈.


You could see a water nymph and a harpy.

Vanquished Creatures
  Gastronok (Lair:2)
  Azrael (Orc:2)
  A dire elephant (Lair:6)
  A fire dragon (D:15)
  Josephine (D:11)
  An ice dragon (D:15)
  Fannar (D:11)
  A hydra (Lair:6)
  5 centaur warriors
  A catoblepas (Lair:6)
  A death knight (D:13)
  5 death yaks
  A deep troll shaman (Lair:6)
  Urug (Lair:2)
  A fire crab (Bailey)
  Sonja (Lair:1)
  A deep elf knight (D:7)
  A skeletal warrior (D:12)
  4 unseen horrors
  Pikel (D:6)
  The ghost of Monsterracer the Destroyer, a novice DgWz (D:7)
  A harpy (Shoals:1)
  2 deep elf magi (Orc:1)
  A manticore (D:14)
  4 fauns (Shoals:1)
  2 orc sorcerers (Orc:2)
  An oklob plant (Lair:2)
  A wolf spider (D:15)
  A cyclops (D:9)
  4 wolf spider zombies
  10 elephants
  Joseph (D:8)
  Maurice (D:10)
  13 ugly things
  2 black mambas (Lair:6)
  3 merfolk sirens
  Psyche (D:10)
  6 gargoyles
  A centaur zombie (D:15)
  5 spiny frogs
  2 kobold demonologists
  A rime drake (Lair:2)
  2 centaur skeletons (D:13)
  An efreet (D:14)
  10 komodo dragons
  4 demonic crawlers (D:12)
  4 trolls
  A tengu conjurer (D:9)
  A meliai (D:13)
  3 hornets
  4 polar bears
  A merfolk (Shoals:1)
  5 blink frogs (Lair:4)
  A raiju (shapeshifter) (D:14)
  10 hippogriffs
  5 dream sheep (Lair:6)
  2 snapping turtles (Shoals:1)
  A spriggan (shapeshifter) (D:13)
  6 wraiths
  2 wyverns
  A spriggan (D:7)
  A water elemental (Shoals:1)
  A vampire (D:15)
  A human (D:13)
  23 yaks
  7 fire elementals (Orc:2)
  4 vampire mosquitoes (D:15)
  2 hungry ghosts
  3 basilisks
  2 wargs (Orc:2)
  An acid dragon (D:15)
  A hell hound (Orc:2)
  11 water moccasins
  A floating eye (D:12)
  A swamp drake (Orc:1)
  2 hornet zombies (D:14)
  18 orc warriors
  11 porcupines
  A black bear (Lair:6)
  6 ice beasts
  7 sky beasts
  8 ogres
  An eye of draining (D:15)
  16 centaurs
  A necrophage (D:13)
  19 wolves
  12 crocodiles
  5 big kobolds
  Blork the orc (D:6)
  A gnoll sergeant (D:8)
  20 bullfrogs
  4 scorpions
  3 wyvern skeletons
  6 killer bees (D:12)
  8 wights (D:8)
  3 small abominations (D:12)
  An electric eel (Lair:1)
  4 howler monkeys
  12 crimson imps
  4 jellies
  A bullfrog zombie (D:5)
  10 orc priests
  6 bullfrog skeletons
  8 hounds
  An iron imp (Orc:1)
  14 worker ants
  3 iguanas
  22 orc wizards
  A killer bee zombie (D:5)
  A worker ant zombie (D:10)
  16 adders
  5 gnolls
  A howler monkey skeleton (D:4)
  5 shadow imps
  A white imp (Orc:1)
  An ooze (D:3)
  An adder skeleton (D:9)
  4 worms
  A dart slug (D:1)
  5 leopard geckos
  67 orcs
  3 ball pythons
  6 giant cockroaches
  9 goblins
  5 hobgoblins
  14 jackals
  20 kobolds
  4 quokkas
  7 bats
  5 frilled lizards
  A leopard gecko zombie (D:8)
  A quokka skeleton (D:4)
  A quokka zombie (D:5)
  11 rats
  A fungus (Lair:4)
  7 plants
661 creatures vanquished.

Vanquished Creatures (collateral kills)
  Rupert (D:12)
  3 vault guards (D:13)
  7 hydras
  A centaur warrior (D:13)
  2 death yaks (Lair:6)
  A tengu warrior (D:13)
  An orc high priest (Orc:2)
  A glowing orange brain (D:12)
  2 harpies (Shoals:1)
  4 ugly things
  2 orc sorcerers (Orc:2)
  A manticore (D:15)
  A kobold demonologist (D:12)
  A hornet (D:13)
  A jumping spider (Bailey)
  A hippogriff (D:15)
  A vampire (D:8)
  6 humans (D:13)
  A water moccasin (D:7)
  3 orc warriors
  A crocodile (Lair:1)
  2 bullfrogs
  A hornet simulacrum (D:15)
  A killer bee (Bailey)
  An electric eel (Lair:1)
  A jelly (D:13)
  7 orc priests (Orc:2)
  8 orc wizards (Orc:2)
  2 orcs (Orc:2)
  A giant cockroach (Lair:2)
  2 goblins (D:14)
68 creatures vanquished.

Vanquished Creatures (others)
  A vault guard (D:13)
  A human (D:13)
  A jelly (D:9)
  An orc priest (Orc:2)
  An orc wizard (Orc:2)
  A kobold (D:14)
  2 fungi
  2 plants
10 creatures vanquished.

Grand Total: 739 creatures vanquished

Notes
Turn   | Place    | Note
-------+----------+-------------------------------------------
     0 | D:1      | gruber the Kobold Artificer began the quest for the Orb.
     0 | D:1      | Reached XP level 1. HP: 12/12 MP: 3/3
   173 | D:1      | Reached XP level 2. HP: 15/16 MP: 4/4
   499 | D:1      | Reached XP level 3. HP: 11/20 MP: 5/5
   666 | D:1      | Reached skill level 2 in Stealth
  1172 | D:2      | Reached XP level 4. HP: 25/25 MP: 6/6
  1904 | D:2      | Reached skill level 5 in Short Blades
  2449 | D:3      | Reached skill level 3 in Stealth
  2449 | D:3      | Reached XP level 5. HP: 10/29 MP: 4/7
  2816 | D:3      | Learned a level 2 spell: Ensorcelled Hibernation
  3952 | D:4      | Reached skill level 4 in Stealth
  3952 | D:4      | Reached XP level 6. HP: 16/34 MP: 3/8
  4461 | D:4      | Found a sparkling altar of Nemelex Xobeh.
  4663 | D:4      | Became a worshipper of Nemelex Xobeh the Trickster
  4671 | D:4      | Found a glowing golden altar of the Shining One.
  4671 | D:4      | Noticed an angel
  4672 | D:4      | Found a runed door.
  4701 | D:4      | Reached skill level 5 in Stealth
  4743 | D:4      | Received a gift from Nemelex Xobeh
  4903 | D:4      | Reached XP level 7. HP: 38/38 MP: 9/9
  5500 | D:4      | Reached * piety under Nemelex Xobeh
  5590 | D:5      | Entered Level 5 of the Dungeon
  5597 | D:5      | Noticed a water moccasin
  5604 | D:5      | Killed a water moccasin
  5604 | D:5      | Reached skill level 6 in Stealth
  5678 | D:5      | Reached skill level 7 in Stealth
  5683 | D:5      | Got a smoking hand axe
  5702 | D:5      | Identified the +12 hand axe "Anyicu" {protect, rC+ MR+
                  | Int-2} (You found it on level 5 of the Dungeon)
  5835 | D:5      | Reached skill level 1 in Axes
  5835 | D:5      | Reached XP level 8. HP: 43/43 MP: 10/10
  5857 | D:5      | Found a shadowy altar of Dithmenos.
  6691 | D:6      | Noticed Pikel
  6732 | D:6      | Killed Pikel
  6732 | D:6      | Reached skill level 5 in Axes
  6754 | D:6      | Reached XP level 9. HP: 38/47 MP: 9/11
  6762 | D:6      | Reached ** piety under Nemelex Xobeh
  6933 | D:6      | Reached skill level 8 in Stealth
  7018 | D:6      | Noticed Blork the orc
  7030 | D:6      | Killed Blork the orc
  7030 | D:6      | Reached skill level 9 in Stealth
  7079 | D:6      | Found a bloodstained altar of Trog.
  7550 | D:7      | Reached skill level 10 in Stealth
  7590 | D:7      | Found a runed gate.
  7602 | D:7      | Found an opulent altar of Gozag.
  7605 | D:7      | Found a runed gate.
  7606 | D:7      | Found a runed gate.
  7607 | D:7      | Noticed a deep elf knight
  7611 | D:7      | Noticed Monsterracer's ghost (novice DgWz)
  7786 | D:7      | Reached skill level 11 in Stealth
  7898 | D:7      | Found a staircase to the Ecumenical Temple.
  7975 | D:7      | Reached skill level 12 in Stealth
  8298 | D:8      | Reached XP level 10. HP: 52/52 MP: 12/12
  8310 | D:8      | Noticed Harold
  8615 | D:8      | Reached skill level 13 in Stealth
  8693 | D:8      | Received a gift from Nemelex Xobeh
  8763 | D:8      | Reached *** piety under Nemelex Xobeh
  8773 | D:8      | Received a gift from Nemelex Xobeh
  8887 | D:8      | Reached skill level 5 in Dodging
  8928 | D:8      | Noticed Joseph
  9004 | D:8      | Killed Joseph
  9318 | D:8      | Got a flickering platinum amulet
  9971 | D:9      | Found Solieg's Book Shoppe.
  9991 | D:9      | Learned a level 3 spell: Confuse
  9995 | D:9      | Learned a level 3 spell: Dazzling Spray
 10131 | D:9      | Found a staircase to the Lair.
 10132 | D:9      | Noticed a komodo dragon
 10156 | D:9      | Killed a komodo dragon
 10397 | D:9      | Reached XP level 11. HP: 61/61 MP: 11/13
 10401 | D:9      | Identified the amulet "Vuneunun" {Gourm Dex+6} (You found
                  | it on level 8 of the Dungeon)
 10506 | D:9      | Noticed a cyclops
 10626 | D:9      | Reached skill level 5 in Fighting
 10915 | D:10     | Entered Level 10 of the Dungeon
 11435 | D:10     | Received a gift from Nemelex Xobeh
 11515 | D:10     | Noticed Maurice
 11529 | D:10     | Killed Maurice
 11529 | D:10     | Reached skill level 1 in Armour
 11558 | D:10     | Got a pair of shimmering boots
 11559 | D:10     | Identified the cursed +0 pair of boots of Sloth {Str-5
                  | Int+3} (You found it on level 10 of the Dungeon)
 11579 | D:10     | Noticed Psyche
 11623 | D:10     | Killed Psyche
 11732 | D:10     | Killed an unseen horror
 12132 | D:11     | Reached **** piety under Nemelex Xobeh
 12339 | D:11     | Found a staircase to the Orcish Mines.
 12387 | D:11     | Killed an unseen horror
 12798 | D:11     | Reached skill level 5 in Armour
 12904 | D:11     | Got an ancient scimitar
 12905 | D:11     | Identified the +8 scimitar "Hell-Harrower" {slice, Str-2
                  | Int+4 Dex+5} (You found it on level 11 of the Dungeon)
 13021 | D:9      | Killed a cyclops
 13472 | D:7      | Killed a deep elf knight
 13472 | D:7      | Reached XP level 12. HP: 55/74 MP: 10/14
 13483 | D:7      | Killed Monsterracer's ghost
 13773 | D:9      | Received a gift from Nemelex Xobeh
 13777 | D:9      | Got an encrusted leather armour
 13778 | D:9      | Identified the cursed +1 leather armour of the Eleven
                  | Blessings {rN+ Dex+4} (You found it on level 9 of the
                  | Dungeon)
 13802 | D:9      | Found a snail-covered altar of Cheibriados.
 13905 | D:9      | Reached skill level 5 in Invocations
 14160 | D:12     | Found Yvithoh's Armour Shoppe.
 14175 | D:12     | Bought a +0 pair of boots for 67 gold pieces
 14240 | D:12     | Found a bloodstained altar of Trog.
 14277 | D:12     | Reached skill level 5 in Evocations
 14286 | D:12     | Noticed Rupert
 14424 | Lair:1   | Entered Level 1 of the Lair of Beasts
 14424 | Lair:1   | Received a gift from Nemelex Xobeh
 14424 | Lair:1   | Noticed a seven-headed hydra
 14558 | Orc:1    | Entered Level 1 of the Orcish Mines
 14561 | Orc:1    | Found a roughly hewn altar of Beogh.
 14564 | Orc:1    | Noticed Fannar
 14565 | Orc:1    | Noticed Josephine
 14757 | D:11     | Killed Josephine
 14968 | D:11     | Killed Fannar
 15717 | Orc:1    | Learned a level 2 spell: Blink
 15740 | Orc:1    | Got a tattered robe
 15743 | Orc:1    | Identified the +2 robe of Sunlight {rC+ Int+4} (You found
                  | it on level 1 of the Orcish Mines)
 16299 | D:12     | Received a gift from Nemelex Xobeh
 16348 | D:12     | Killed an unseen horror
 16348 | D:12     | Reached skill level 10 in Evocations
 16644 | D:12     | Reached ***** piety under Nemelex Xobeh
 16681 | D:12     | Killed Rupert
 16681 | D:12     | Reached skill level 10 in Dodging
 16681 | D:12     | Reached XP level 13. HP: 78/78 MP: 20/20
 17870 | D:12     | Noticed a six-headed hydra
 17905 | D:12     | Killed a six-headed hydra
 18214 | D:12     | Identified the Volume of Bewitchment and the Frostbite
 19440 | D:13     | Noticed a centaur warrior
 19440 | D:13     | Noticed a centaur warrior
 19440 | D:13     | Noticed a centaur warrior
 19440 | D:13     | Noticed a centaur warrior
 19463 | D:13     | Killed a centaur warrior
 19475 | D:13     | Killed a centaur warrior
 19497 | D:13     | Killed a centaur warrior
 19499 | D:13     | Killed a centaur warrior
 19835 | D:13     | Received a gift from Nemelex Xobeh
 19918 | D:13     | Identified the +0 quarterstaff of Valour {protect, Dex+4}
 20186 | D:13     | Reached skill level 1 in Shields
 20197 | D:13     | Killed a vault guard
 20563 | D:13     | Noticed a vault guard
 20563 | D:13     | Noticed a vault guard
 20586 | D:13     | Killed a vault guard
 20586 | D:13     | Reached XP level 14. HP: 53/83 MP: 15/24
 21269 | D:13     | Found a gate to the Vaults.
 21501 | D:13     | Received a gift from Nemelex Xobeh
 21912 | D:14     | Reached skill level 5 in Shields
 21932 | D:14     | Found a flagged portal.
 22098 | Bailey   | Entered a bailey
 22390 | Bailey   | Found the +3 pair of gauntlets of War {Slay+5}
 22875 | D:14     | Reached skill level 1 in Spellcasting
 22963 | D:14     | Found a runed gate.
 22964 | D:14     | Found a runed gate.
 22968 | D:14     | Found a runed gate.
 22968 | D:14     | Noticed TheNamelessOne's ghost (adept OpMo)
 23161 | D:14     | Reached skill level 5 in Spellcasting
 24115 | D:14     | Received a gift from Nemelex Xobeh
 24841 | Lair:1   | Noticed Sonja
 24859 | Lair:1   | Killed Sonja
 25308 | Lair:1   | Reached skill level 10 in Fighting
 25319 | Lair:1   | Reached XP level 15. HP: 59/91 MP: 19/25
 25658 | Lair:2   | Noticed Urug
 25660 | Lair:2   | Found a staircase to the Shoals.
 25661 | Lair:2   | Noticed Gastronok
 25689 | Lair:2   | Killed Urug
 25694 | Lair:2   | Killed Gastronok
 25867 | Lair:2   | Found a hole to the Spider Nest.
 25912 | Lair:2   | Found a bloodstained altar of Trog.
 26123 | Lair:2   | Received a gift from Nemelex Xobeh
 26578 | Lair:3   | Received a gift from Nemelex Xobeh
 26578 | Lair:3   | Received a gift from Nemelex Xobeh
 26608 | Lair:3   | Reached ****** piety under Nemelex Xobeh
 27008 | Lair:3   | Received a gift from Nemelex Xobeh
 27354 | Lair:4   | Received a gift from Nemelex Xobeh
 27923 | Lair:5   | Received a gift from Nemelex Xobeh
 27926 | Lair:5   | Found a runed gate.
 27927 | Lair:5   | Found a runed gate.
 27927 | Lair:5   | Noticed Jeis's ghost (journeyman CeWr)
 27940 | Lair:5   | Found a runed gate.
 28209 | Lair:5   | Received a gift from Nemelex Xobeh
 28741 | Lair:6   | Entered Level 6 of the Lair of Beasts
 28992 | Lair:6   | Identified the -1 hand axe "Odir" {flame, +Blink rF- Dex+3}
 29109 | Lair:6   | Received a gift from Nemelex Xobeh
 31249 | D:15     | Entered Level 15 of the Dungeon
 31282 | D:15     | Reached XP level 16. HP: 92/100 MP: 26/26
 31764 | D:15     | Found a staircase to the Depths.
 31818 | D:15     | Received a gift from Nemelex Xobeh
 32559 | Orc:2    | Entered Level 2 of the Orcish Mines
 32583 | Orc:2    | Noticed Azrael
 32605 | Orc:2    | Killed Azrael
 32605 | Orc:2    | Reached skill level 14 in Stealth
 32626 | Orc:2    | Found a staircase to the Elven Halls.
 32786 | Orc:2    | Received a gift from Nemelex Xobeh
 32890 | Orc:2    | Found a runed gate.
 32890 | Orc:2    | Found a runed gate.
 32890 | Orc:2    | Found a runed gate.
 32936 | Orc:2    | Found Ciwe's Weapon Emporium.
 32936 | Orc:2    | Found Foas's Food Emporium.
 32936 | Orc:2    | Found Paron's Food Shoppe.
 33195 | Orc:2    | Found Efroh Jirra's Assorted Antiques.
 33215 | Orc:2    | Bought a glass ring for 145 gold pieces
 33215 | Orc:2    | Bought a scroll of blinking for 217 gold pieces
 33257 | Orc:2    | Found Hepsiq's Book Boutique.
 33315 | Orc:2    | Noticed RoseArtemis's ghost (journeyman TrMo)
 33735 | Shoals:1 | Entered Level 1 of the Shoals
 33758 | Shoals:1 | Found Sushaol's Magic Scroll Boutique.
 33761 | Shoals:1 | Bought a scroll of fear for 52 gold pieces
 33761 | Shoals:1 | Bought a scroll of teleportation for 45 gold pieces
 33803 | Shoals:1 | Reached skill level 15 in Stealth
 33934 | Shoals:1 | Received a gift from Nemelex Xobeh
 33962 | Shoals:1 | Identified the +0 long sword of the Bouncing Hells {slice,
                  | MR- Int+4 Dex+4}
 33985 | Shoals:1 | Mangled by a harpy

Vault maps used:
D:1:      dpeg_arrival_ratfight, minmay_misc_feat_square
D:2:      corexii_leaking_fountain
D:3:      first_ration, kennysheep_minor_cross, small_statue_intersection,
          eino_curves_04
D:4:      old_standard_altar, serial_glass, glass_columns_b, glass_columns_a,
          glass_columns_b, glass_columns_a, glass_columns_a, glass_columns_a,
          glass_columns_a, glass_columns_a, glass_columns_a, glass_columns_b,
          glass_columns_b, glass_columns_c, glass_columns_a, glass_columns_a,
          lemuel_angel_altar
D:5:      chequers_serial_rivers_micro_e, kennysheep_path_1,
          grunt_dithmenos_smoke
D:6:      trog_book, uniq_blork_the_orc, uniq_pikel
D:7:      minmay_temple_entry_ruins, ebering_ghost_gozag, the_bakery
D:8:      uniq_joseph, uniq_harold
D:9:      minmay_the_grid_octo_2x2, david_lair_shrubbed, serial_shops,
          nicolae_shop_trees
D:10:     uniq_psyche, uniq_maurice
D:11:     orc_0_dummy
D:12:     cheibrodos_hippocracy, basic_altar, serial_shops, shop_fountains,
          uniq_rupert
D:13:     ximxim_vaults_locker_room, hangedman_decor_peaks_small,
          minmay_joined_circles
D:14:     enter_bailey_3, minivault_11, ebering_ghost_rock_garden
D:15:     grunt_enter_depths_hoard, wad_floor_pattern_untrapped, nicolae_wwwww
Lair:1:   portal_ice_cave_entry_pillars_1, st_stairs_8, beast_lair_carwin_8,
          serial_bayou_shore_a, infiniplex_staircase_pool, uniq_sonja
Lair:2:   minmay_shoals_entry_lonely_mermaid, nicolae_spider_entry_non_spiders,
          lemuel_oklob_altar, uniq_urug, uniq_gastronok
Lair:3:   lemuel_fruit_fields
Lair:5:   gammafunk_ghost_split, beast_lair_carwin_2,
          infiniplex_staircase_pool_2
Lair:6:   grunt_lair_end_beastmaster, minmay_slime_entry_oklob_enclosed,
          serial_bayou_shore_b
Shoals:1: serial_shops, nicolae_shop_behind_doors
Orc:1:    basic_altar, hangedman_minor_magic, uniq_josephine, uniq_fannar
Orc:2:    st_orc_mages, maelrawn_ghost_gauntlet_escape, serial_shops,
          nicolae_shop_waterfront, uniq_azrael
Bailey:   bailey_polearm_1, bailey

Skill      XL: |  1  2  3  4  5  6  7  8  9 10 11 12 13 14 15 16 |
---------------+-------------------------------------------------+-----
Short Blades   | 2 3 4 5 6 7 8 |  8.2
Stealth        | 2 3 4 5 7 12 13 15 | 15.2
Axes           | 1 5 |  5.3
Dodging        | 9 10 11 14 | 14.0
Fighting       | 4 8 10 12 | 12.2
Armour         | 5 6 7 |  7.0
Invocations    | 3 6 |  6.0
Evocations     | 10 14 | 14.0
Shields        | 2 5 |  5.6
Spellcasting   | 7 |  7.0

Action                   |  1- 3 |  4- 6 |  7- 9 | 10-12 | 13-15 | 16-18 || total
-------------------------+-------+-------+-------+-------+-------+-------++-------
Melee: Short sword       |   146 |    47 |       |       |       |       ||   193
       Rapier            |       |   148 |    48 |       |       |       ||   196
       Hand axe          |       |       |   145 |   727 |  1172 |   283 ||  2327
       Dagger            |       |       |       |       |    26 |       ||    26
 Fire: Blowgun           |       |       |       |       |     4 |       ||     4
Invok: Deal Four         |       |       |       |       |     1 |       ||     1
       Triple Draw       |       |       |       |       |       |     1 ||     1
 Abil: Evoke Flight      |       |       |       |       |     2 |     3 ||     5
Evoke: Wand              |       |    14 |     4 |     7 |    43 |     2 ||    70
       Deck              |       |       |       |     3 |    32 |     9 ||    44
       Phial of floods   |       |       |       |       |     2 |       ||     2
  Use: Potion            |       |     5 |       |     4 |     4 |     3 ||    16
       Scroll            |       |       |     1 |    23 |     9 |     1 ||    34
 Stab: Sleeping          |     4 |    10 |    12 |    39 |    33 |    10 ||   108
       Distracted        |       |     1 |     2 |     5 |    13 |     3 ||    24
       Paralysed         |       |       |     1 |       |       |       ||     1
       Petrified         |       |       |       |       |     6 |       ||     6
       Petrifying        |       |       |       |       |     2 |       ||     2
  Eat: Chunk             |     8 |    10 |    14 |    30 |    43 |    17 ||   122
Armor: Leather armour    |    34 |    24 |    50 |   166 |   257 |    61 ||   592
Dodge: Dodged            |   113 |   107 |   130 |   741 |  1516 |   345 ||  2952
Block: Buckler           |       |       |       |       |   452 |   169 ||   621

Table legend:
 A = Non-vault XP
 B = Vault XP
 C = Vault XP percentage of total XP
 D = Non-vault monster count
 E = Vault monster count
 F = Vault count percentage of total count
                 A         B        C        D         E       F
            +---------+---------+-------+---------+---------+-------
      Total |   75240 |   53070 |  41.4 |     502 |     221 |  30.6
            +---------+---------+-------+---------+---------+-------
        D:1 |      39 |       5 |  11.4 |      22 |       5 |  18.5
        D:2 |      91 |       0 |   0.0 |      25 |       0 |   0.0
        D:3 |      70 |       0 |   0.0 |      16 |       0 |   0.0
        D:4 |     541 |       0 |   0.0 |      21 |       0 |   0.0
        D:5 |     576 |       0 |   0.0 |      20 |       0 |   0.0
        D:6 |     412 |     689 |  62.6 |       6 |       2 |  25.0
        D:7 |    1166 |    1610 |  58.0 |      23 |       5 |  17.9
        D:8 |    2300 |     606 |  20.9 |      42 |       2 |   4.5
        D:9 |    1223 |    2422 |  66.4 |      19 |      17 |  47.2
       D:10 |    2389 |     939 |  28.2 |      20 |       2 |   9.1
       D:11 |    2679 |    2504 |  48.3 |      29 |       4 |  12.1
       D:12 |    3414 |    6663 |  66.1 |      26 |      19 |  42.2
       D:13 |    7285 |    8984 |  55.2 |      34 |      28 |  45.2
       D:14 |   13726 |       6 |   0.0 |      36 |       4 |  10.0
       D:15 |    6183 |    1724 |  21.8 |      24 |       2 |   7.7
     Lair:1 |    6596 |    2216 |  25.1 |      28 |      11 |  28.2
     Lair:2 |    2232 |    4356 |  66.1 |       9 |      12 |  57.1
     Lair:3 |    3729 |       0 |   0.0 |      11 |       0 |   0.0
     Lair:4 |    4681 |       0 |   0.0 |      20 |       0 |   0.0
     Lair:5 |     683 |    2806 |  80.4 |       6 |       6 |  50.0
     Lair:6 |    7937 |    7596 |  48.9 |      27 |      15 |  35.7
   Shoals:1 |    5649 |       0 |   0.0 |      13 |       0 |   0.0
      Orc:1 |     684 |    1985 |  74.4 |      10 |      19 |  65.5
      Orc:2 |     955 |    6425 |  87.1 |      15 |      50 |  76.9
     Bailey |       0 |    1534 | 100.0 |       0 |      18 | 100.0
            +---------+---------+-------+---------+---------+-------
